 Dungeon Crawl Stone Soup version 0.17-a0-1575-g9a29ec8 (webtiles) character file.

14 Ajdolov the Ruffian (level 2, 0/25 HPs)
             Began as a Naga Transmuter on July 27, 2015.
             Slain by a goblin
             ... wielding a +0 club
              (4 damage)
             ... on level 1 of the Dungeon.
             The game lasted 00:01:11 (626 turns).

Ajdolov the Ruffian (Naga Transmuter)                Turns: 626, Time: 00:01:11

Health: 0/25       AC:  1    Str: 12    XL:     2   Next: 41%
Magic:  4/5        EV: 10    Int: 13    God:
Gold:   60         SH:  0    Dex: 11    Spells: 1 memorised, 4 levels left

rFire  . . .     SeeInvis +       - Unarmed
rCold  . . .     Clarity  .     b - +0 robe
rNeg   . . .     SustAt   .     (no shield)
rPois  +         Gourm    .     (no helmet)
rElec  .         Spirit   .     (no cloak)
rCorr  .         Warding  .     (no gloves)
rMut   .         Stasis   .     (no barding)
MR     .....                    (no amulet)
Stlth  +.........               (no ring)
                                (no ring)

@: appendage, very slow, not resistant to hostile enchantments, very unstealthy
A: horns 2, see invisible, deformed body, poison resistance, slowness 2, slow
metabolism 1, spit poison 2, AC +0
a: Spit Poison, End Transformation


You were on level 1 of the Dungeon.
You were not hungry.
You had grown temporary horns.
You visited 1 branch of the dungeon, and saw 1 of its levels.

You collected 60 gold pieces.

Inventory:

Missiles
 a - 12 arrows
Armour
 b - a +0 robe (worn)
Scrolls
 e - a scroll of fog {unknown}
 g - a scroll of remove curse {unknown}
 h - a scroll of noise {unknown}
Potions
 f - 2 potions of curing {unknown}
 i - 3 potions of invisibility {unknown}
Books
 c - a book of Changes

   Spells                             Type                      Level
   a - Beastly Appendage              Transmutation                1
   b - Sticks to Snakes               Transmutation                2
   c - Spider Form                    Transmutation/Poison         3
   d - Ice Form                       Ice/Transmutation            4
   e - Blade Hands                    Transmutation                5
Comestibles
 d - a bread ration


   Skills:
 - Level 1.0 Fighting
 - Level 1.5 Dodging
 + Level 3.7 Unarmed Combat
 - Level 2.0 Spellcasting
 - Level 2.0 Transmutations


You had 4 spell levels left.
You knew the following spells:

 Your Spells              Type           Power        Failure   Level  Hunger
a - Beastly Appendage     Trmt           #.....       12%         1    ##.....


Dungeon Overview and Level Annotations

Branches:
Dungeon (1/15)

Altars:


Innate Abilities, Weirdness & Mutations

You cannot wear boots.
Your serpentine skin is tough (AC +0).
You have supernaturally acute eyesight.
Armour fits poorly on your strangely shaped body.
Your system is resistant to poisons.
You cover ground very slowly.
You have a slow metabolism.
You can spit poison.
You have a pair of horns on your head.


Message History

You closely miss the goblin.
The goblin is heavily wounded.
The goblin drinks a potion.
The goblin seems to grow stronger.
You completely miss the goblin.
The goblin is heavily wounded.
The goblin hits you with a club!
You hit the goblin but do no damage.
The goblin is heavily wounded.
The goblin hits you with a club.
* * * LOW HITPOINT WARNING * * *
You completely miss the goblin.
The goblin is heavily wounded.
The goblin closely misses you.
You hit the goblin.
The goblin is almost dead.
The goblin closely misses you.
Casting: Beastly Appendage
Confirm with . or Enter, or press ? or * to list all spells.
You grow a pair of large bovine horns.
The goblin hits you with a club.
You die...

....................>....
..##.....##.####.##....
.........##.# #)#...#.#
..####+####.####.#...#.#
.....................#.#
........###.#..........#
.............###.#...#.#..#
#.......#...................
........+....###@#...#.#.##.
........###.....g..........
######.## ##.###.......≈....
..# #.# #.###.......≈≈...
#.####.#####..##......≈≈....
...........).....§...§§§≈≈≈≈
#.###########.##...§.§§§§≈≈
.................≈≈≈≈§§≈≈≈
......(....# #..≈≈§§§§≈≈≈


You could see a goblin.

Vanquished Creatures
  A giant gecko (D:1)
  A bat (D:1)
  A giant cockroach (D:1)
  2 goblins (D:1)
  2 hobgoblins (D:1)
  A kobold (D:1)
  A ball python (D:1)
  A giant newt (D:1)
  2 rats (D:1)
12 creatures vanquished.

Notes
Turn   | Place    | Note
--------------------------------------------------------------
     0 | D:1      | Ajdolov the Naga Transmuter began the quest for the Orb.
     0 | D:1      | Reached XP level 1. HP: 18/18 MP: 3/3
   171 | D:1      | Reached XP level 2. HP: 22/25 MP: 3/5
   626 | D:1      | Slain by a goblin

Vault maps used:
D:1:      minmay_arrival_hallway, lemuel_old_faithful

Action                   || total
-------------------------++-------
Melee: Unarmed           ||    59
 Cast: Beastly Appendage ||     5
